 Dungeon Crawl Stone Soup version 0.17.2-1-ge4368a0 (webtiles) character file.

161 Goblin1989 the Insei (level 5, -3/41 HPs)
             Began as a Demonspawn Monk on Oct 27, 2016.
             Slain by an adder (4 damage)
             ... on level 3 of the Dungeon.
             The game lasted 00:03:46 (1130 turns).

Goblin1989 the Insei (Demonspawn Monk)              Turns: 1130, Time: 00:03:46

Health: -3/41      AC:  3    Str: 13    XL:     5   Next: 19%
Magic:  5/5        EV: 13    Int: 11    God:
Gold:   71         SH:  0    Dex: 15    Spells: 0 memorised, 4 levels left

rFire  . . .     SeeInvis .       - Unarmed
rCold  . . .     Clarity  +     a - +0 robe
rNeg   . . .     SustAt   .     (no shield)
rPois  .         Gourm    .     (helmet restricted)
rElec  .         Spirit   .     (no cloak)
rCorr  .         Warding  .     m - +0 pair of gloves
rMut   .         Stasis   .     (no boots)
MR     .....                    f - amulet of clarity
Stlth  ++........               (no ring)
                                (no ring)

@: lethally poisoned (-3 -> -10), not resistant to hostile enchantments,
unstealthy
A: antennae 1, talons 1, powered by death 1
a: no special abilities


You were on level 3 of the Dungeon.
You were not hungry.

You visited 1 branch of the dungeon, and saw 3 of its levels.

You collected 71 gold pieces.

Inventory:

Armour
 a - a +0 robe (worn)
 m - a +0 pair of gloves (worn)
Jewellery
 f - an amulet of clarity (around neck)
Scrolls
 c - a scroll of enchant armour {unknown}
 g - a scroll of remove curse {unknown}
 i - a scroll of identify {unknown}
 k - 2 scrolls of noise {unknown}
 l - 2 scrolls of recharging {unknown}
 p - a scroll of fog {unknown}
Potions
 d - a potion of heal wounds {unknown}
 e - a potion of beneficial mutation {unknown}
 j - a potion of cure mutation {unknown}
Comestibles
 b - a bread ration {@e1}
 h - a meat ration {@e2}
 n - a chunk of flesh {@w0}


   Skills:
 - Level 3.0 Fighting
 - Level 2.6 Dodging
 - Level 1.7 Stealth
 + Level 5.9 Unarmed Combat


You had 4 spell levels left.
You didn't know any spells.

Dungeon Overview and Level Annotations

Branches:
Dungeon (3/15)

Altars:
Nemelex Xobeh
Xom
Yredelemnul

Annotations:
D:2 exclusion: Sigmund, Sigmund


Innate Abilities, Weirdness & Mutations

You have a pair of small antennae on your head.
You have sharp toenails.
You regenerate a little health from kills.


Message History

You closely miss the adder. Your kick misses the adder.
The adder is lightly wounded.
The adder closely misses you.
You hit the adder but do no damage.
You feel sick. The adder barely misses you.
You take 1 damage, and have 12/41 hp.
You barely miss the adder. Your kick misses the adder. The adder bites you.
* * * LOW HITPOINT WARNING * * *
You are lethally poisoned!
The adder poisons you! The adder bites you.
* * * LOW HITPOINT WARNING * * *
You take 6 damage, and have 6/41 hp.
You hit the adder but do no damage. You claw the adder, but do no damage.
* * * LOW HITPOINT WARNING * * *
You feel sick. The adder bites you.
* * * LOW HITPOINT WARNING * * *
You take 4 damage, and have 2/41 hp.
You closely miss the adder. Your kick misses the adder.
* * * LOW HITPOINT WARNING * * *
You feel sick. The adder bites you.
You die... ██......████......... ............██.███.. █.......██.█...██.█ ██..███.██.....██.███ ██..██..†........... ███.....█████....... ██.████...........██> █████

█<..S.....██....<████
███...███...@.█..█...██.██ █
█..................█.██.█
█....(........██..█...█.█
█.....................█.██ █
█.......██.██████.....█..████
███...████)█ █........)...
███.█ █.█ ██....███....
█.████†█ █.█...██....
█.█..).█ █.███.......


You could see an adder.

Vanquished Creatures
  Purgy (D:3)
  3 adders (D:3)
  An ooze (D:2)
  2 giant geckos
  3 orcs (D:3)
  A hobgoblin (D:1)
  2 jackals
  8 kobolds
  3 bats (D:1)
  3 giant cockroaches
  2 giant newts
  4 goblins
  A rat (D:3)
34 creatures vanquished.

Notes
Turn   | Place    | Note
--------------------------------------------------------------
     0 | D:1      | Goblin1989 the Demonspawn Monk began the quest for the Orb.
     0 | D:1      | Reached XP level 1. HP: 18/18 MP: 1/1
   318 | D:1      | Reached skill level 4 in Unarmed Combat
   339 | D:1      | Gained mutation: You regenerate a little health from kills. [demonic ancestry]
   339 | D:1      | Reached XP level 2. HP: 24/24 MP: 2/2
   353 | D:1      | Found a sparkling altar of Nemelex Xobeh.
   542 | D:2      | Noticed Sigmund
   577 | D:2      | Found a basalt altar of Yredelemnul.
   712 | D:3      | Gained mutation: You have a pair of small antennae on your head. [demonic ancestry]
   712 | D:3      | Reached XP level 3. HP: 19/29 MP: 3/3
   982 | D:3      | Found a shimmering altar of Xom.
  1003 | D:3      | Reached skill level 5 in Unarmed Combat
  1043 | D:3      | Noticed Purgy
  1062 | D:3      | Gained mutation: You have sharp toenails. [demonic ancestry]
  1062 | D:3      | Reached XP level 4. HP: 3/35 MP: 4/4
  1066 | D:3      | Killed Purgy
  1066 | D:3      | Reached XP level 5. HP: 4/41 MP: 5/5
  1129 | D:3      | HP: 2/41 [adder (3)]
  1130 | D:3      | Slain by an adder

Action                   |  1- 3 |  4- 6 || total
-------------------------+-------+-------++-------
Melee: Unarmed           |   117 |    18 ||   135
  Use: Potion            |     1 |       ||     1
 Stab: Sleeping          |     4 |       ||     4
  Eat: Chunk             |     1 |       ||     1

Vault maps used:
D:1:      dpeg_arrival_tiny_e, serial_bayou_pond_c, nemelex_deck
D:2:      grunt_dithmenos_smoke_and_mirrors, lemuel_coloured_pillars_altar,
          uniq_sigmund
D:3:      kennysheep_goblin_castle, grunt_temple_overflow_open, xom_redecorated,
          uniq_purgy
